 Dungeon Crawl Stone Soup version 0.22-a0-833-g8522bf8125 (webtiles) character file.

258283 marsu the Phalangite (level 19, -18/200 HPs)
             Began as a Naga Berserker on July 25, 2018.
             Was a High Priest of Trog.
             Demolished by an ironheart preserver (illusionary)
             ... wielding a +0 great mace
              (44 damage)
             ... while paralysed by a hornet
             ... on level 1 of the Vaults.
             The game lasted 01:38:21 (57912 turns).

marsu the Phalangite (Naga Berserker)              Turns: 57912, Time: 01:38:22

Health: -18/200    AC: 27    Str: 23    XL:     19   Next: 86%
Magic:  19/19      EV:  1    Int:  8    God:    Trog [*****.]
Gold:   3039       SH:  0    Dex: 15    Spells: 18/18 levels left

rFire    + + .     SeeInvis +   a - +3 glaive (flame)
rCold    + . .     Gourm    .   (shield currently unavailable)
rNeg     . . .     Faith    .   P - +0 chain mail {rF+} {rF+}
rPois    +         Spirit   .   y - +0 helmet
rElec    .         Reflect  .   A - scarf {repulsion}
rCorr    .         Harm     .   J - +2 pair of gloves {archery} {Ranged Slay+4}
MR       ++...                  G - +2 naga barding {Fly}
Stlth    ..........             L - amulet of the acrobat
HPRegen  0.43/turn              k - ring of protection from fire
MPRegen  0.16/turn              I - ring of protection from cold

@: paralysed, flying, slowed, studying Throwing, repel missiles, very slow
A: large, see invisible, deformed body, poison resistance, slowness 2, slow
metabolism 1, spit poison 1, constrict 1, AC +6
}: 2/15 runes: decaying, gossamer
a: Spit Poison, Berserk, Trog's Hand, Brothers in Arms, Renounce Religion, Stop
Flying


You were on level 1 of the Vaults.
You worshipped Trog.
Trog was extremely pleased with you.
You were not hungry.

You visited 6 branches of the dungeon, and saw 32 of its levels.
You also visited: Ice Cave and Volcano.

You collected 3300 gold pieces.
You spent 261 gold pieces at shops.

Inventory:

Hand Weapons
 a - a +3 glaive of flaming (weapon)
 j - a +5 antimagic bardiche
Missiles
 d - 8 javelins of penetration
 m - 2 silver javelins
 q - a throwing net {=f}
 T - 3 poisoned tomahawks (quivered)
 U - 14 tomahawks
 W - 4 tomahawks of returning
 Z - 3 tomahawks of dispersal {=f}
Armour
 y - a +0 helmet (worn)
 A - a scarf of repulsion (worn)
 G - a +2 naga barding of flying (worn)
 J - a +2 pair of gloves of archery (worn) {Ranged Slay+4}
 N - the +2 ratskin cloak {+Rats rPois rN+ Str-1 Int-1 Dex+1}
   (You acquired it on level 11 of the Dungeon)

   It affects your strength (-1).
   It affects your intelligence (-1).
   It affects your dexterity (+1).
   It protects you from poison.
   It protects you from negative energy.
 P - a +0 chain mail of fire resistance (worn) {rF+}
Jewellery
 k - a ring of protection from fire (left hand)
 r - an uncursed ring of flight
 C - an uncursed ring of resist corrosion
 I - a ring of protection from cold (right hand)
 L - an amulet of the acrobat (around neck)
Wands
 h - a wand of iceblast (22)
 w - a wand of paralysis (4)
 D - a wand of digging (17)
 Q - a wand of clouds (4)
Scrolls
 b - a scroll of silence
 e - a scroll of fear
 f - 7 scrolls of fog
 i - 8 scrolls of identify
 l - 16 scrolls of remove curse
 n - 4 scrolls of magic mapping {!r}
 t - 8 scrolls of teleportation
 B - 2 scrolls of blinking {!r}
 K - a scroll of holy word {!r}
 X - 3 scrolls of immolation {!r}
Potions
 o - 7 potions of flight
 p - 2 potions of haste
 s - 3 potions of mutation {!q}
 u - 7 potions of might
 v - 17 potions of ambrosia
 x - 4 potions of agility
 z - 4 potions of lignification {!q}
 E - 4 potions of heal wounds
 F - 3 potions of cancellation
 H - 2 potions of invisibility {unknown}
 M - 5 potions of curing
 O - 2 potions of brilliance
 S - 3 potions of berserk rage {!q}
Books
 g - a manual of Throwing {!d}
Miscellaneous
 Y - a fan of gales
Comestibles
 c - 43 rations


   Skills:
 + Level 19.4 Fighting
 + Level 22.9 Polearms
 - Level 6.0 Throwing
 + Level 11.9 Armour
 - Level 1.5 Dodging


You had 18 spell levels left.
You didn't know any spells.
Your spell library contained the following spells:

 Spells                   Type           Power        Failure   Level  Hunger
 Bolt of Fire             Conj/Fire      #.........   100%        6    #######
 Mephitic Cloud           Conj/Pois/Air  #.......     100%        3    ####...
 Sting                    Conj/Pois      #...         92%         1    ##.....
 Ignite Poison            Fire/Tmut/Pois #.......     100%        3    ####...
 Alistair's Intoxication  Tmut/Pois      #.......     100%        5    ######.
 Poisonous Vapours        Pois/Air       #.....       98%         2    ###....


Dungeon Overview and Level Annotations

Branches:
Dungeon (15/15)            Temple (0/1) D:4            Lair (6/6) D:11
  Swamp (4/4) Lair:4       Spider (4/4) Lair:2        Slime (0/5) Lair:5
    Orc (2/2) D:10            Elf (0/3) Orc:2        Vaults (1/5) D:14
 Depths (0/5) D:15

Altars:
Elyvilon
Fedhas
Gozag
Hepliaklqana
Makhleb
Nemelex Xobeh
Okawaru
Sif Muna
Trog
Uskayaw
Wu Jian
Xom
The Shining One
Beogh

Shops:
D:4 *   D:11 *   Orc:2 :[(*

Portals:
Hell: Lair:6

Annotations:
D:4 P0WERM0DE's ghost, amateur DDFi
D:9 Jannitor's ghost, adept HaHu
Lair:5 exclusion: oklob plant
Lair:6 Singularity42's ghost, journeyman SpEn
Orc:2 strelocc's ghost, journeyman HOAK


Innate Abilities, Weirdness & Mutations

You cannot wear boots.
Your serpentine skin is tough. (AC +6)
You have supernaturally acute eyesight. (SInv)
Armour fits poorly on your strangely shaped body.
Your system is resistant to poisons. (rPois)
You cover ground very slowly.
You have a slow metabolism.
You can spit poison.
You can use your snake-like lower body to constrict enemies.


Message History

The ironbrand convoker hits you with a flail.
* * * LOW HITPOINT WARNING * * *
You take 16 damage, and have 45/200 hp.
You hit the ironbrand convoker but do no damage.
You constrict the ironbrand convoker!
The hornet stings you but does no damage.
The hornet stings you!
* * * LOW HITPOINT WARNING * * *
You suddenly lose the ability to move!
You lose your grip on the ironbrand convoker.
The ironheart preserver gestures wildly while chanting.
The ironheart preserver is healed somewhat.
The ironbrand convoker gestures at the hornet while chanting.
The hornet seems to grow stronger.
The hornet stings you!
* * * LOW HITPOINT WARNING * * *
You feel as though you will be slow longer.
The hornet stings you but does no damage.
The ironbrand convoker hits you but does no damage.
The ironheart preserver hits you with a great mace!!!
You die...

#....#..# #...... #.o..#..#
#∩#.#.# #..pp#..# #......
#....# #.#.#.# #..§p# #......
#.§.o# #.#.#.# #.e§.# #......
####....####################'#
....§§..Reopy@................
........eooEpp................
##############################


You could see 2 ironheart preservers, an orc knight, a rakshasa, a deep elf
demonologist, an ironbrand convoker, a deep elf mage, a hornet, a fire elemental
and 2 orc warriors.

Vault maps used:
D:1:      wheals_arrival_shading
D:2:      fedhas_altar_2, minmay_tetromino_l2
D:3:      nicolae_overflow_crystal_walls, elyvilon_altar_4, first_ration,
          chequers_ecumenical_altar_twisty, uniq_robin, uniq_ijyb, uniq_sigmund
D:4:      cheibrodos_barr_body, minmay_temple_entry_trees, serial_shops, shop,
          ebering_ghost_rock_garden, grunt_ministairs_7, roderic_batcave
D:5:      kennysheep_slugbush, gammafunk_temple_overflow_pools,
          uniq_prince_ribbit1
D:6:      dancing_weapons_uskayaw, serial_co_window_serial,
          co_window_of_opportunity_a, co_window_corner_a, co_window_corner_a,
          co_window_of_opportunity_a, co_window_paths_b,
          co_window_of_opportunity_c, co_window_corner_b, co_window_broadway_a,
          co_window_sun, co_window_4corner_b, glass_columns_a, glass_columns_c,
          glass_columns_a
D:7:      kennysheep_little_box, the_bakery
D:8:      nicolae_zen_rock_garden, kennysheep_small_square
D:9:      nicolae_overflow_hidden_temple, minitemple, ebering_ghost_inner_flame,
          basic_altar, tgw_xom, uniq_maurice
D:10:     orc_0_dummy
D:11:     erik_lair_orcish_takeover, serial_shops, shop, uniq_nergalle,
          uniq_harold
D:13:     kennysheep_cluttered_room
D:14:     erik_vaults_2
D:15:     hangedman_depths_entry_try_elsewhere_first, minmay_crystal_water
Lair:1:   serial_bayou_pond_a, minivault_19, uniq_gastronok
Lair:2:   spider_nest_entry_webs, nicolae_volcano_entry_s_turn,
          grunt_megastairs_5
Lair:3:   portal_ice_cave_entry_imps, lemuel_old_faithful,
          minmay_lair_oklob_chamber, grunt_megastairs_4
Lair:4:   minmay_swamp_entry_worms
Lair:5:   regret_index_tunnel_blossom, minmay_slime_entry_pillars,
          grunt_forest_stairs_clearing
Lair:6:   evil_forest, ebering_ghost_xom, minivault_11, serial_bayou_pond_a,
          infiniplex_staircase_pool
Swamp:1:  evilmike_swamp_ruin_house_6, nicolae_swamp_baby_hydras, uniq_aizul
Swamp:2:  nicolae_swamp_treefoil, uniq_nikola
Swamp:3:  evilmike_swamp_ruin_house_1
Swamp:4:  swamp_alternative, infiniplex_staircase_pool_2
Spider:1: uniq_louise, uniq_agnes
Spider:2: nicolae_spider_mines_3, hangedman_spider_tarantella_strand
Spider:3: spider_trap
Spider:4: guppyfry_spider_rune
Orc:2:    grunt_orc_gardens, grunt_orc_garden, grunt_orc_garden,
          grunt_orc_garden, grunt_orc_garden, gammafunk_ghost_arena,
          nicolae_orc_lost_temple
Vaults:1: v_misc_9, nicolae_vaults_specimen_jars, v_rooms_4, v_alt_pattern_1,
          nicolae_vaults_what_the_h, nicolae_vaults_network_s,
          vaults_dpeg_cross, v_misc_3, hangedman_vaults_slice,
          nicolae_vaults_little_ls
IceCv:    ice_cave_caverns_01
Volcano:  volcano_lake

Notes
Turn   | Place    | Note
-------+----------+-------------------------------------------
     0 | D:1      | marsu the Naga Berserker began the quest for the Orb.
     0 | D:1      | Reached XP level 1. HP: 21/21 MP: 1/1
   223 | D:1      | Reached XP level 2. HP: 20/28 MP: 2/2
   498 | D:1      | You fall through a shaft!
   507 | D:2      | Reached XP level 3. HP: 36/36 MP: 3/3
   704 | D:2      | Identified a ring of resist corrosion (You found it on level 2 of the Dungeon)
   816 | D:2      | Reached skill level 4 in Fighting
   816 | D:2      | Reached XP level 4. HP: 38/44 MP: 4/4
   837 | D:2      | Reached skill level 4 in Polearms
  1092 | D:2      | Identified a +0 hunting sling (You found it on level 1 of the Dungeon)
  1096 | D:2      | Identified a +0 spear
  1499 | D:2      | Reached ** piety under Trog
  1594 | D:2      | Found a blossoming altar of Fedhas.
  2091 | D:3      | Identified a +0 ring mail (You took it off an orc on level 3 of the Dungeon)
  2094 | D:3      | Noticed Sigmund
  2114 | D:3      | Killed Sigmund
  2114 | D:3      | Reached skill level 5 in Fighting
  2114 | D:3      | Reached skill level 5 in Polearms
  2114 | D:3      | Reached XP level 5. HP: 28/52 MP: 5/5
  2114 | D:3      | Reached XP level 6. HP: 33/61 MP: 6/6
  2342 | D:3      | Found an iron altar of Okawaru.
  2362 | D:3      | Noticed Ijyb
  2367 | D:3      | Paralysed by Ijyb for 4 turns
  2374 | D:3      | Killed Ijyb
  2412 | D:3      | Noticed a black bear
  2426 | D:3      | Killed a black bear
  2786 | D:3      | Noticed Robin
  2795 | D:3      | Killed Robin
  2841 | D:3      | Identified a +0 helmet (You found it on level 3 of the Dungeon)
  2846 | D:3      | Identified a +0 cloak (You found it on level 3 of the Dungeon)
  2856 | D:3      | Identified a +0 helmet (You took it off Robin on level 3 of the Dungeon)
  2920 | D:3      | Found a faded altar of an unknown god.
  3071 | D:3      | Found a white marble altar of Elyvilon.
  3311 | D:3      | Reached XP level 7. HP: 68/68 MP: 7/7
  3510 | D:4      | Reached skill level 6 in Fighting
  3510 | D:4      | Reached skill level 6 in Polearms
  3546 | D:4      | Identified a +0 trident (You took it off an orc priest on level 4 of the Dungeon)
  3565 | D:4      | Found a runed gate.
  3565 | D:4      | Found a runed gate.
  3565 | D:4      | Found a runed gate.
  3567 | D:4      | Noticed P0WERM0DE's ghost (amateur DDFi)
  3741 | D:4      | Reached *** piety under Trog
  3888 | D:4      | Reached XP level 8. HP: 69/78 MP: 8/8
  3985 | D:4      | Found Reetin's Assorted Antiques.
  3995 | D:4      | Reached skill level 7 in Fighting
  4012 | D:4      | Bought a scroll labeled QOPSUS YME for 22 gold pieces
  4012 | D:4      | Bought a scroll labeled VEJ GUDULA for 22 gold pieces
  4012 | D:4      | Bought a bubbling coppery potion for 19 gold pieces
  4012 | D:4      | Bought a scroll labeled DYAQOT ZOXTOETZ for 22 gold pieces
  4012 | D:4      | Bought a scroll labeled ACWITO RAUDIOS for 22 gold pieces
  4078 | D:4      | Reached skill level 7 in Polearms
  4130 | D:4      | Identified a +0 scale mail (You took it off an orc on level 4 of the Dungeon)
  4254 | D:4      | Found a staircase to the Ecumenical Temple.
  4699 | D:5      | Entered Level 5 of the Dungeon
  4699 | D:5      | Noticed Prince Ribbit
  4710 | D:5      | Killed Prince Ribbit
  4975 | D:5      | Reached skill level 8 in Fighting
  5080 | D:5      | Reached skill level 8 in Polearms
  5303 | D:5      | Identified a +0 chain mail (You found it on level 5 of the Dungeon)
  5305 | D:5      | Identified a ring of teleportation (You found it on level 4 of the Dungeon)
  5307 | D:5      | Identified a ring of protection from fire (You found it on level 3 of the Dungeon)
  5309 | D:5      | Identified a ring of see invisible (You found it on level 3 of the Dungeon)
  5311 | D:5      | Identified a ring of flight (You found it on level 3 of the Dungeon)
  5312 | D:5      | Htamos: !subscribe
  5312 | D:5      | beem: Subscribed. I will now watch all games of user Htamos
  5312 | D:5      | Identified 5 scrolls of identify
  5312 | D:5      | Identified 2 potions of mutation
  5313 | D:5      | Identified 2 potions of lignification
  5314 | D:5      | Identified 4 potions of ambrosia
  5315 | D:5      | Identified 4 potions of flight
  5316 | D:5      | Identified 7 scrolls of teleportation
  5317 | D:5      | Identified 3 scrolls of magic mapping
  5318 | D:5      | Identified 6 scrolls of remove curse
  5325 | D:5      | Identified a scroll of amnesia
  5327 | D:5      | Identified a scroll of random uselessness
  5328 | D:5      | Identified a scroll of enchant armour
  5329 | D:5      | Identified a scroll of enchant weapon
  5330 | D:5      | Identified a scroll of fog
  5703 | D:5      | Found a burning altar of Makhleb.
  5703 | D:5      | Found an ornate altar of the Wu Jian Council.
  5716 | D:5      | Reached **** piety under Trog
  5991 | D:6      | Noticed a gargoyle
  5993 | D:6      | Reached XP level 9. HP: 88/90 MP: 9/9
  5999 | D:6      | Killed a gargoyle
  6086 | D:6      | Identified a cursed -2 ring mail (You found it on level 6 of the Dungeon)
  6140 | D:6      | Reached skill level 9 in Fighting
  6140 | D:6      | Reached skill level 9 in Polearms
  6198 | D:6      | Noticed a dagger
  6198 | D:6      | Noticed a hand axe
  6206 | D:6      | Found a hide-covered altar of Uskayaw.
  6247 | D:6      | Got a bloodstained robe
  7362 | D:7      | Found a hazy altar of Hepliaklqana.
  7540 | D:7      | Reached skill level 10 in Fighting
  7653 | D:7      | Reached skill level 10 in Polearms
  7965 | D:7      | Reached skill level 2 in Armour
  8000 | D:7      | Reached XP level 10. HP: 82/102 MP: 10/10
  8756 | D:8      | Identified a +1 naga barding (You found it on level 7 of the Dungeon)
  8761 | D:8      | Identified a +0 pair of gloves (You found it on level 8 of the Dungeon)
  8828 | D:8      | Reached skill level 3 in Armour
  9149 | D:8      | Identified a scroll of summoning
  9781 | D:8      | Reached ***** piety under Trog
 10213 | D:8      | Identified a +0 plate armour (You took it off an orc warrior on level 9 of the Dungeon)
 10285 | D:9      | Reached skill level 4 in Armour
 10358 | D:9      | Noticed Maurice
 10373 | D:9      | Killed Maurice
 10373 | D:9      | Reached skill level 11 in Fighting
 10373 | D:9      | Reached skill level 11 in Polearms
 10427 | D:9      | Found a runed door.
 10428 | D:9      | Noticed Jannitor's ghost (adept HaHu)
 10459 | D:9      | Found a deep blue altar of Sif Muna.
 10460 | D:9      | Found a bloodstained altar of Trog.
 10467 | D:9      | Identified Atotischutzu's Papyrus of Poisoning and Flames
 10588 | D:9      | Found an opulent altar of Gozag.
 10752 | D:9      | Found a shimmering altar of Xom.
 10925 | D:9      | Found a sparkling altar of Nemelex Xobeh.
 10949 | D:9      | Found a glowing golden altar of the Shining One.
 11085 | D:10     | Entered Level 10 of the Dungeon
 11107 | D:10     | Reached XP level 11. HP: 79/111 MP: 11/11
 11357 | D:10     | Identified a ring of stealth (You found it on level 10 of the Dungeon)
 11361 | D:10     | Identified an amulet of the acrobat (You took it off an orc priest on level 9 of the Dungeon)
 11362 | D:10     | Identified 2 potions of haste
 11363 | D:10     | Identified 2 potions of curing
 11364 | D:10     | Identified a potion of agility
 11412 | D:10     | Identified +0 steam dragon scales
 11501 | D:10     | You fall through a shaft!
 11501 | D:11     | Noticed Harold
 11501 | D:11     | Noticed a centaur warrior
 11504 | D:11     | Found Oshruq's General Store.
 11509 | D:11     | Noticed a cyclops
 11510 | D:11     | Found a staircase to the Lair.
 11510 | D:11     | Noticed a cyan ugly thing
 11513 | D:11     | Identified 2 scrolls of acquirement
 11515 | D:11     | Noticed a red ugly thing
 11518 | D:11     | HP: 25/111 [komodo dragon (11)]
 11520 | D:11     | Reached skill level 5 in Armour
 11524 | D:11     | Noticed a two-headed ogre
 11530 | D:11     | HP: 14/111 [centaur warrior/arrow (14)]
 11538 | D:10     | HP: 11/111 [yak (2)]
 11922 | D:10     | Identified a scarf of repulsion (You acquired it on level 10 of the Dungeon)
 12045 | D:10     | Noticed an unseen horror
 12059 | D:10     | Killed an unseen horror
 12563 | D:10     | Found a staircase to the Orcish Mines.
 12741 | D:11     | Bought a scroll of fear for 49 gold pieces
 12757 | D:10     | Killed a centaur warrior
 12826 | D:10     | Killed Harold
 13036 | D:10     | Reached skill level 6 in Armour
 13211 | D:11     | Reached skill level 12 in Fighting
 13232 | D:11     | Reached skill level 12 in Polearms
 13424 | D:11     | Found the +2 ratskin cloak {+Rats rPois rN+ Str-1 Int-1 Dex+1}
 13462 | D:11     | Killed a cyan ugly thing
 13469 | D:11     | Killed a cyan ugly thing
 13514 | D:11     | Received a gift from Trog
 13532 | D:11     | Noticed Nergalle
 13560 | D:11     | Killed Nergalle
 13592 | D:11     | Identified a potion of berserk rage
 13593 | D:11     | Identified a potion of heal wounds
 13594 | D:11     | Identified a scroll of noise
 14049 | D:11     | Reached XP level 12. HP: 108/123 MP: 12/12
 14132 | D:11     | Killed a two-headed ogre
 14132 | D:11     | Reached skill level 7 in Armour
 14643 | D:11     | Identified a scarf of spirit shield (You found it on level 11 of the Dungeon)
 14764 | Lair:1   | Entered Level 1 of the Lair of Beasts
 14770 | Lair:1   | Noticed a seven-headed hydra
 14947 | Lair:1   | Killed a seven-headed hydra
 16173 | Lair:1   | Noticed Gastronok
 16200 | Lair:1   | Killed Gastronok
 16200 | Lair:1   | Reached skill level 13 in Fighting
 16200 | Lair:1   | Reached skill level 13 in Polearms
 16213 | Lair:1   | Identified a +0 hat of intelligence (You took it off Gastronok on level 1 of the Lair of Beasts)
 16812 | Lair:2   | Found a dark tunnel.
 16821 | Volcano  | Entered a volcano
 17110 | Volcano  | Found a burning altar of Makhleb.
 17110 | Volcano  | Noticed a centaur warrior
 17126 | Volcano  | Killed a centaur warrior
 17126 | Volcano  | Reached skill level 8 in Armour
 17134 | Volcano  | Received a gift from Trog
 17334 | Volcano  | Identified a +0 chain mail of fire resistance {rF+} (You took it off a hell knight in a volcano)
 17378 | Volcano  | Identified a +1 naga barding of stealth (You found it in a volcano)
 17482 | Lair:2   | Identified a +2 glaive of flaming (You found it in a volcano)
 17648 | Lair:2   | Gained mutation: You can use your snake-like lower body to constrict enemies. [Naga growth]
 17648 | Lair:2   | Reached XP level 13. HP: 126/133 MP: 13/13
 18031 | Lair:2   | Found a hole to the Spider Nest.
 18403 | Lair:3   | Identified a +1 pair of gloves (You found it on level 3 of the Lair of Beasts)
 18502 | Lair:3   | Found a frozen archway.
 18589 | IceCv    | Entered an ice cave
 18792 | IceCv    | Reached skill level 14 in Polearms
 18973 | IceCv    | Reached skill level 9 in Armour
 19117 | IceCv    | Reached skill level 14 in Fighting
 19169 | IceCv    | Identified a potion of brilliance
 19170 | IceCv    | Identified an amulet of faith (You found it on level 1 of the Lair of Beasts)
 19224 | IceCv    | Received a gift from Trog
 19446 | IceCv    | Identified a +1 cloak (You found it in an ice cave)
 20872 | IceCv    | Noticed a frost giant
 20888 | IceCv    | HP: 40/204 [frost giant/battleaxe of freezing (20)]
 20890 | IceCv    | HP: 18/204 [frost giant/battleaxe of freezing (5)]
 20891 | IceCv    | Killed a frost giant
 20891 | IceCv    | Reached skill level 15 in Fighting
 21896 | Lair:3   | Reached XP level 14. HP: 137/148 MP: 14/14
 21961 | Lair:3   | Identified a +3 antimagic bardiche (Trog gifted it to you in an ice cave)
 21965 | Lair:3   | Identified a scroll of silence
 22776 | Lair:3   | Reached skill level 16 in Fighting
 22801 | Lair:3   | Identified a ring of magical power (You found it on level 3 of the Lair of Beasts)
 22803 | Lair:3   | Identified a ring of protection from cold (You found it in an ice cave)
 22807 | Lair:3   | Identified a potion of resistance
 22808 | Lair:3   | Identified a scroll of blinking
 24291 | Lair:4   | Found a staircase to the Swamp.
 24733 | Lair:5   | Reached skill level 17 in Fighting
 25613 | Lair:5   | Reached ****** piety under Trog
 26062 | Lair:5   | Found a staircase to the Slime Pits.
 26791 | Lair:6   | Entered Level 6 of the Lair of Beasts
 27029 | Lair:6   | Received a gift from Trog
 27360 | Lair:6   | Found a runed door.
 27361 | Lair:6   | Found a shimmering altar of Xom.
 27361 | Lair:6   | Noticed Singularity42's ghost (journeyman SpEn)
 27387 | Lair:6   | Reached skill level 15 in Polearms
 27387 | Lair:6   | Reached XP level 15. HP: 146/160 MP: 15/15
 28278 | Lair:6   | Reached skill level 16 in Polearms
 28453 | Lair:6   | Found a burning altar of Makhleb.
 28459 | Lair:6   | Found a gateway to Hell.
 28781 | Lair:6   | Identified a potion of degeneration
 28782 | Lair:6   | Identified an amulet of magic regeneration (You found it in an ice cave)
 28784 | Lair:6   | Identified a ring of evasion (You found it on level 6 of the Lair of Beasts)
 30058 | D:13     | Received a gift from Trog
 30519 | D:13     | Reached skill level 17 in Polearms
 31382 | D:14     | Found a gate to the Vaults.
 31388 | D:14     | Reached XP level 16. HP: 164/170 MP: 16/16
 31411 | D:14     | Received a gift from Trog
 31415 | D:14     | Reached skill level 18 in Polearms
 31634 | D:14     | Identified a +0 troll leather armour
 31988 | D:15     | Entered Level 15 of the Dungeon
 32452 | D:15     | Found a staircase to the Depths.
 32513 | D:15     | Reached skill level 19 in Polearms
 32755 | D:15     | Received a gift from Trog
 33113 | D:15     | Identified a potion of cancellation
 33889 | Swamp:1  | Entered Level 1 of the Swamp
 34293 | Swamp:1  | Identified a ring of ice (You found it on level 1 of the Swamp)
 34360 | Swamp:1  | Noticed Aizul
 34375 | Swamp:1  | Killed Aizul
 34402 | Swamp:1  | Received a gift from Trog
 34967 | Swamp:1  | Identified a scroll of holy word
 35341 | Swamp:1  | Reached skill level 20 in Polearms
 35612 | Swamp:2  | Reached XP level 17. HP: 130/177 MP: 17/17
 35977 | Swamp:2  | Noticed Nikola
 35988 | Swamp:2  | Killed Nikola
 36812 | Swamp:2  | Identified a +2 glaive of flaming (You found it on level 2 of the Swamp)
 36832 | Swamp:3  | Got an iridescent hand crossbow
 36867 | Swamp:3  | Identified +0 swamp dragon scales
 37051 | Swamp:3  | Got a scintillating brass amulet
 37634 | Swamp:3  | Reached skill level 21 in Polearms
 37717 | Swamp:3  | Received a gift from Trog
 37722 | Swamp:3  | Identified a +1 antimagic bardiche (Trog gifted it to you on level 3 of the Swamp)
 37875 | Swamp:3  | HP: 43/177 [13-headed hydra (9)]
 37882 | Swamp:3  | HP: 35/177 [13-headed hydra (5)]
 37882 | Swamp:3  | HP: 17/177 [13-headed hydra (10)]
 38746 | Swamp:4  | Entered Level 4 of the Swamp
 38906 | Swamp:4  | Identified +0 swamp dragon scales
 39875 | Swamp:4  | Received a gift from Trog
 39880 | Swamp:4  | Got a dazzling glaive {god gift}
 39883 | Swamp:3  | Identified the +0 glaive of Xyregim {chop, *Noise rF+ rN+} (Trog gifted it to you on level 4 of the Swamp)
 39897 | Swamp:4  | Identified +0 swamp dragon scales
 39907 | Swamp:4  | Identified +0 swamp dragon scales
 40091 | Swamp:4  | Identified +0 swamp dragon scales
 40091 | Swamp:4  | Noticed a tentacled monstrosity
 40100 | Swamp:4  | Killed a tentacled monstrosity
 40100 | Swamp:4  | Reached XP level 18. HP: 150/187 MP: 18/18
 40430 | Swamp:4  | Reached skill level 18 in Fighting
 40867 | Swamp:4  | Identified +0 swamp dragon scales
 40882 | Swamp:4  | Got a decaying rune of Zot
 41422 | Spider:1 | Entered Level 1 of the Spider Nest
 41466 | Spider:1 | HP: 33/188 [disintegration (38)]
 41473 | Spider:1 | HP: 35/188 [demonic crawler (3)]
 41941 | Spider:1 | Noticed Agnes
 41955 | Spider:1 | Killed Agnes
 41955 | Spider:1 | Reached skill level 22 in Polearms
 42542 | Spider:1 | Noticed Louise
 42553 | Lair:2   | Reached skill level 10 in Armour
 42688 | Spider:1 | Killed Louise
 42688 | Spider:1 | Received a gift from Trog
 43482 | Spider:2 | HP: 47/188 [disintegration (29)]
 45162 | Spider:2 | Reached skill level 1 in Throwing
 45245 | Spider:2 | Identified a +1 cloak (You found it on level 2 of the Spider Nest)
 45261 | Spider:2 | Got a warped falchion
 45442 | Spider:2 | Identified the amulet of Relamp {Harm *Drain Slay+3} (You found it on level 3 of the Swamp)
 45478 | Spider:2 | Noticed an entropy weaver
 45484 | Spider:2 | Killed an entropy weaver
 45484 | Spider:2 | Reached skill level 2 in Throwing
 45537 | Spider:2 | Identified a +1 pair of gloves of archery (You found it on level 2 of the Spider Nest)
 45887 | Spider:3 | Received a gift from Trog
 46297 | Spider:3 | Reached skill level 3 in Throwing
 47382 | Spider:3 | Identified a +1 hat (You found it on level 3 of the Spider Nest)
 47420 | Spider:3 | Reached skill level 4 in Throwing
 48149 | Spider:4 | Entered Level 4 of the Spider Nest
 48574 | Spider:3 | HP: 61/283 [emperor scorpion (16)]
 49418 | Spider:4 | Reached skill level 5 in Throwing
 49869 | Spider:3 | HP: 46/189 [poisoned by a wolf spider]
 49874 | Spider:3 | HP: 42/189 [poisoned by a wolf spider]
 49880 | Spider:3 | HP: 41/189 [poisoned by a wolf spider]
 49886 | Spider:3 | HP: 42/189 [poisoned by a wolf spider]
 49893 | Spider:3 | HP: 43/189 [poisoned by a wolf spider]
 50280 | Spider:4 | Reached XP level 19. HP: 157/198 MP: 19/19
 50304 | Spider:4 | Received a gift from Trog
 50719 | Spider:4 | Noticed an entropy weaver
 50733 | Spider:4 | Killed an entropy weaver
 51091 | Spider:4 | HP: 27/198 [disintegration (33)]
 51633 | Spider:4 | Reached skill level 6 in Throwing
 51857 | Spider:4 | Reached skill level 11 in Armour
 52682 | Spider:4 | Got a gossamer rune of Zot
 52861 | Spider:4 | Got a scorched halberd
 52921 | Spider:4 | Reached skill level 19 in Fighting
 53530 | Orc:1    | Entered Level 1 of the Orcish Mines
 53758 | Orc:1    | Received a gift from Trog
 53949 | Orc:2    | Entered Level 2 of the Orcish Mines
 53949 | Orc:2    | Found Veniejyit's General Store.
 53955 | Orc:2    | Identified a +0 troll leather armour
 54123 | Orc:2    | Found a roughly hewn altar of Beogh.
 54150 | Orc:2    | Found Onky's Antique Armour Shoppe.
 54169 | Orc:2    | HP: 42/199 [orc warlord/vampiric war axe (11)]
 54175 | Orc:2    | HP: 21/199 [orc high priest/long sword (11)]
 55431 | Orc:2    | Found Zecovoz's Antique Weapon Boutique.
 55488 | Orc:2    | Found Meicrydgh's Book Shoppe.
 55527 | Orc:2    | Found a transporter.
 55674 | Orc:2    | Noticed strelocc's ghost (journeyman HOAK)
 55782 | Orc:2    | Found a staircase to the Elven Halls.
 55916 | Orc:2    | Found a transporter.
 56159 | Orc:1    | Received a gift from Trog
 56398 | D:11     | Bought a scroll of enchant weapon for 105 gold pieces
 56474 | Vaults:1 | Entered Level 1 of the Vaults
 57237 | Lair:6   | Identified a +1 naga barding of flying (You found it on level 6 of the Lair of Beasts)
 57508 | Vaults:1 | Noticed an entropy weaver
 57521 | Vaults:1 | Killed an entropy weaver
 57523 | Vaults:1 | Got a jewelled shortbow
 57846 | Vaults:1 | Noticed a deep elf demonologist
 57847 | Vaults:1 | Noticed a Hell Sentinel
 57909 | Vaults:1 | Received a gift from Trog
 57909 | Vaults:1 | HP: 50/200 [hornet (11)]
 57910 | Vaults:1 | Paralysed by a hornet for 3 turns
 57912 | Vaults:1 | Identified a +0 great mace
 57912 | Vaults:1 | Demolished by an ironheart preserver (illusionary)

Table legend:
 A = Turns spent in this place as a percentage of turns spent in the entire game.
 B = Non-inter-level travel turns spent in this place as a percentage of non-inter-level travel turns spent in the entire game.
 C = Inter-level travel turns spent in this place as a percentage of turns spent in this place.
 D = Turns resting spent in this place as a percentage of non-inter-level travel turns spent in this place.
 E = Turns spent auto-exploring this place as a percentage of non-inter-level travel turns spent in this place.
 F = Non-inter-level travel turns spent in this place divided by the number of levels of this place that you've seen.
                   A       B       C       D       E      F
               +-------+-------+-------+-------+-------+----------------------
         Total | 100.0 | 100.0 |   3.8 |  47.0 |  29.3 | 1637.9
       Dungeon |  35.9 |  35.5 |   4.8 |  34.2 |  41.0 | 1318.4
          Lair |  19.6 |  19.1 |   6.5 |  43.3 |  38.2 | 1771.7
         Swamp |  12.9 |  13.1 |   2.5 |  55.1 |  24.7 | 1820.5
   Spider Nest |  19.0 |  19.5 |   1.5 |  64.5 |  11.6 | 2709.8
  Orcish Mines |   4.9 |   5.0 |   3.0 |  47.2 |  31.8 | 1380.5
        Vaults |   1.6 |   1.6 |   4.7 |  44.3 |  17.2 | 902.0
      Ice Cave |   4.9 |   5.1 |   0.0 |  68.4 |   2.6 | 2837.0
       Volcano |   1.1 |   1.2 |   0.0 |  28.3 |   0.0 | 660.0
               +-------+-------+-------+-------+-------+----------------------

Table legend:
 A = Kills in this place as a percentage of kills in entire the game.
 B = Kills by you in this place as a percentage of kills by you in the entire game.
 C = Kills by friends in this place as a percentage of kills by friends in the entire game.
 D = Other kills in this place as a percentage of other kills in the entire game.
 E = Experience gained in this place as a percentage of experience gained in the entire game.
 F = Experience gained in this place divided by the number of levels of this place that you have seen.
                   A       B       C       D       E      F
               +-------+-------+-------+-------+-------+----------------------
         Total | 100.0 | 100.0 | 100.0 | 100.0 | 100.0 | 11417.9
       Dungeon |  36.1 |  36.3 |  17.6 |   0.0 |  20.3 | 5265.4
          Lair |  16.6 |  16.3 |  41.2 |   0.0 |  16.3 | 10552.2
         Swamp |  14.2 |  14.4 |   0.0 |   0.0 |  24.9 | 24174.2
   Spider Nest |  17.1 |  17.1 |  17.6 |   0.0 |  23.5 | 22779.5
  Orcish Mines |   7.2 |   7.0 |  23.5 |   0.0 |   3.6 | 6981.5
        Vaults |   3.4 |   3.4 |   0.0 | 100.0 |   6.8 | 26231.0
      Ice Cave |   4.1 |   4.2 |   0.0 |   0.0 |   3.6 | 14100.0
       Volcano |   1.3 |   1.3 |   0.0 |   0.0 |   1.0 | 3805.0
               +-------+-------+-------+-------+-------+----------------------

Skill      XL: |  1  2  3  4  5  6  7  8  9 10 11 12 13 14 15 16 17 18 19 |
---------------+----------------------------------------------------------+-----
Fighting       | 4 5 6 8 10 11 12 13 15 17 18 19 | 19.4
Polearms       | 5 6 8 10 11 12 13 14 15 17 20 21 22 | 22.9
Armour         | 2 4 6 8 9 10 11 | 11.9
Throwing       | 5 6 |  6.0
Dodging        | |  1.5

Action                   |  1- 3 |  4- 6 |  7- 9 | 10-12 | 13-15 | 16-18 | 19-21 || total
-------------------------+-------+-------+-------+-------+-------+-------+-------++-------
Melee: Spear             |    78 |   190 |    54 |       |       |       |       ||   322
       Trident           |       |       |   450 |  1111 |       |       |       ||  1561
       Glaive            |       |       |       |    24 |  1094 |  1479 |   600 ||  3197
       Constrict         |       |       |       |       |   188 |   205 |   117 ||   510
       Bardiche          |       |       |       |       |       |    21 |       ||    21
 Fire: Hunting sling     |       |     3 |       |       |    67 |       |       ||    70
Throw: Stone             |       |       |       |       |     7 |       |       ||     7
       Tomahawk          |       |       |       |       |       |     5 |     1 ||     6
       Javelin           |       |       |       |       |       |       |     2 ||     2
Invok: Berserk           |     2 |     4 |     8 |    13 |     2 |     9 |     1 ||    39
       Brothers in Arms  |       |       |       |     3 |     1 |     2 |     2 ||     8
 Abil: Spit Poison       |       |       |     2 |     5 |       |       |       ||     7
Evoke: Wand              |       |       |       |       |     9 |     2 |       ||    11
  Use: Scroll            |       |       |    15 |    14 |    11 |     6 |     4 ||    50
       Potion            |       |       |       |     3 |       |     6 |     2 ||    11
 Stab: Distracted        |     1 |       |       |       |     1 |       |     1 ||     3
  Eat: Chunk             |     1 |     9 |    16 |    31 |    28 |    37 |    13 ||   135
       Ration            |       |       |     2 |     2 |     3 |     6 |     2 ||    15
Armor: Animal skin       |     9 |     6 |       |       |       |       |       ||    15
       Ring mail         |       |    29 |    54 |       |       |       |       ||    83
       Scale mail        |       |       |    59 |       |       |       |       ||    59
       Chain mail        |       |       |   110 |   245 |    30 |   319 |   399 ||  1103
       Plate armour      |       |       |       |   534 |   922 |  1062 |       ||  2518
Dodge: Dodged            |    33 |    62 |   185 |   231 |   323 |   489 |   224 ||  1547
       Deflected         |       |       |       |     9 |    15 |    13 |     8 ||    45

Vanquished Creatures
  Nikola (Swamp:2)
  A tentacled monstrosity (Swamp:4)
  5 thorn hunters
  2 ghost moths (Spider:4)
  Aizul (Swamp:1)
  A frost giant (IceCv)
  7 emperor scorpions
  Louise (Spider:1)
  3 ironheart preservers (Vaults:1)
  3 entropy weavers
  3 spark wasps
  A dire elephant (D:15)
  37 hydras
  8 vault guards (D:14)
  2 catoblepae
  Harold (D:10)
  3 ghost crabs
  6 centaur warriors
  4 ogre magi
  11 alligators
  18 two-headed ogres
  10 death yaks
  4 orc high priests
  A sun demon (Lair:6)
  Nergalle (D:11)
  A deep elf knight (Vaults:1)
  A hell knight (Volcano)
  A wizard (Lair:6)
  3 skeletal warriors (D:12)
  4 unseen horrors
  11 swamp dragons
  3 spriggan druids
  5 shambling mangroves
  2 orc knights (Orc:1)
  An ironbrand convoker (Vaults:1)
  5 deep elf magi
  A salamander (D:15)
  2 lindwurms (Lair:5)
  3 manticores
  2 orc sorcerers (Orc:2)
  19 orb spiders
  25 wolf spiders
  5 cyclopes
  4 oklob plants (Lair:3)
  20 ugly things
  Maurice (D:9)
  2 moths of wrath (Spider:4)
  An ice statue (IceCv)
  2 black mambas (Lair:6)
  9 elephants
  2 molten gargoyles (Volcano)
  3 torpor snails
  2 orange demons (Lair:6)
  A smoke demon (Lair:6)
  A spiny frog (shapeshifter) (D:14)
  A gargoyle (D:6)
  15 spiny frogs
  11 rime drakes
  2 kobold demonologists
  A freezing wraith (Vaults:1)
  15 demonic crawlers
  4 komodo dragons
  2 ice devils (Lair:6)
  3 yaktaurs (D:15)
  6 meliai
  A red devil (Lair:6)
  33 jumping spiders
  A queen bee (Lair:5)
  A meliai (shapeshifter) (D:13)
  19 polar bears
  Prince Ribbit (D:5)
  8 trolls
  8 tyrant leeches
  7 bog bodies
  14 slime creatures
  A sphinx simulacrum (Vaults:1)
  30 hornets
  4 blink frogs
  A meliai zombie (D:13)
  11 hippogriffs
  Sigmund (D:3)
  66 yaks
  5 shadows
  72 redbacks
  15 spriggans
  2 wraiths
  7 wyverns
  A water elemental (D:13)
  2 fire bats (Volcano)
  43 tarantellas
  6 basilisks
  13 vampire mosquitoes
  A steam dragon (D:10)
  24 insubstantial wisps
  A soldier ant (D:15)
  12 water moccasins
  6 wargs
  15 swamp worms
  6 porcupines
  5 hell hounds (Lair:6)
  A hornet zombie (D:13)
  14 swamp drakes
  28 orc warriors
  2 phantoms
  3 sky beasts
  An eye of draining (D:15)
  2 black bears
  2 necrophages
  4 boggarts (Vaults:1)
  41 wolves
  21 ogres
  8 centaurs
  7 crocodiles
  3 big kobolds
  13 bullfrogs
  A water moccasin zombie (D:5)
  2 wyvern skeletons (D:12)
  4 scorpions
  41 killer bees
  11 wights
  A vampire bat (D:4)
  7 howler monkeys
  5 electric eels
  4 crimson imps
  4 centaur zombies
  7 lava snakes (Volcano)
  2 quasits
  16 orc priests
  5 hounds
  6 jellies
  6 bullfrog skeletons
  3 centaur skeletons
  Ijyb (D:3)
  33 orc wizards
  9 worker ants
  A killer bee zombie (D:8)
  2 hound skeletons (D:6)
  Robin (D:3)
  A worker ant zombie (D:6)
  3 gnolls (D:5)
  15 adders
  A howler monkey skeleton (D:5)
  5 shadow imps
  12 white imps (Lair:3)
  An ooze (D:5)
  An adder zombie (D:6)
  An adder skeleton (D:4)
  3 worms
  9 dart slugs
  5 leopard geckos
  72 orcs
  6 giant cockroaches
  14 goblins
  7 hobgoblins
  10 jackals
  7 quokkas
  4 ball pythons
  11 bats
  4 frilled lizards
  18 kobolds
  A leopard gecko skeleton (D:4)
  5 rats
1318 creatures vanquished.

Vanquished Creatures (collateral kills)
  Gastronok (Lair:1)
  Agnes (Spider:1)
  An orc warlord (Orc:2)
  A hydra (Lair:1)
  2 death yaks (Lair:6)
  An orc knight (Orc:2)
  A komodo dragon (D:11)
  A redback (Spider:1)
  A tarantella (Spider:1)
  2 yaks
  A porcupine (Lair:1)
  2 orc warriors (Orc:2)
  An ogre (D:8)
  A bullfrog (Lair:1)
17 creatures vanquished.

Vanquished Creatures (others)
  A deep elf knight (Vaults:1)
  2 orcs
  A quokka (D:3)
  4 briar patches
  19 fungi
  6 plants
33 creatures vanquished.

Grand Total: 1368 creatures vanquished
